 Dungeon Crawl Stone Soup version 0.30-a0-578-gdee14c521f (webtiles) character file.

Game seed: 18154122343581672512

175 Newt the Shooter (level 5, 0/41 HPs)
             Began as a Demonspawn Gladiator on Dec 31, 2022.
             Constricted to death by a ball python (1 damage)
             ... in a sewer.
             The game lasted 00:03:04 (1720 turns).

Newt the Shooter (Demonspawn Gladiator)             Turns: 1720, Time: 00:03:05

Health: 0/41       AC:  4    Str: 14    XL:     5   Next: 29%
Magic:  14/14      EV:  5    Int:  9    God:
Gold:   85         SH: 12    Dex: 17    Spells: 4/4 levels left

rFire   . . .      SeeInvis .    p - +3 sling (freeze)
rCold   . . .      Faith    .    o - +1 tower shield of Loss {Dex+2}
rNeg    . . .      Spirit   .    b - +0 leather armour
rPois   .          Reflect  .    c - +0 helmet
rElec   .          Harm     .    m - scarf {+Inv}
rCorr   .          Rampage  .    (no gloves)
Will    +....                    (no boots)
Stlth   +                        (no amulet)
HPRegen 0.00/turn                h - ring of willpower
MPRegen 0.14/turn                q - ring of magical power

@: inhibited regen, constricted, very slow
A: foul stench 1, demonic touch 1, inhibited regeneration, weak 1, devolution 1
a: Evoke Invisibility


You were in a sewer.
You visited 1 branch of the dungeon, and saw 4 of its levels.
You also visited: Sewer.

You collected 85 gold pieces.

Inventory:

Hand Weapons
 a - a +0 rapier
 f - a +1 vampiric dagger
 j - a +2 dagger of draining
 p - a +3 sling of freezing (weapon)
Missiles
 d - 3 throwing nets
 e - a javelin
Armour
 b - a +0 leather armour (worn)
 c - a +0 helmet (worn)
 m - a scarf of invisibility (worn)
 o - the +1 tower shield of Loss (worn) {Dex+2}
   (You found it on level 2 of the Dungeon)

   Dex:       It affects your dexterity (+2).
Jewellery
 h - a ring of willpower (left hand)
 q - a ring of magical power (right hand)
Scrolls
 g - a scroll of fear {unknown}
 i - a scroll of poison {unknown}
 k - a scroll of teleportation {unknown}
 l - a scroll of vulnerability
 n - 2 scrolls of noise {unknown}
 r - 2 scrolls of identify
 s - a scroll of acquirement {unknown}
Potions
 u - a potion of might {unknown}


   Skills:
 - Level 3.0 Fighting
 - Level 2.6 Short Blades
 + Level 3.5 Ranged Weapons
 - Level 1.7 Throwing
 - Level 2.6 Dodging
 - Level 2.0 Stealth


You had 4 spell levels left.
You didn't know any spells.
Your spell library contained the following spells:

 Spells                   Type           Power      Damage    Failure   Level
 Gell's Gravitas          Tloc           0%         N/A       100%        3
 Lesser Beckoning         Tloc           0%         N/A       100%        3
 Teleport Other           Tloc           0%         N/A       100%        3


Dungeon Overview and Level Annotations

Branches:
Dungeon (4/15)              Sewer (1/1)
 Temple: D:4-7

Altars:


Innate Abilities, Weirdness & Mutations

You may rarely emit foul miasma when damaged in melee.
Your touch may inflict minor irresistible damage on your foes.
You do not regenerate when monsters are visible.
You are weak. (Str -2)
You have hidden genetic defects.


Message History

You are too injured to fight recklessly!
You are too injured to fight recklessly!
You are too injured to fight recklessly!
Unknown command.
Why would you want to do that?
You escape the ball python's grasp.
The bullfrog is no longer moving slowly.
You block the adder's attack. The bullfrog hits you.
* * * LOW HITPOINT WARNING * * *
The bullfrog is engulfed in dark miasma.
The bullfrog looks even sicker.
The bullfrog hits you but does no damage.
The adder bites you but does no damage. You block the bullfrog's attack.
The bullfrog attacks as you move away! You block the bullfrog's attack.
You enter the shallow water.
Moving in this stuff is going to be slow.
The bullfrog is engulfed in dark miasma.
The bullfrog looks even sicker.
The bullfrog hits you but does no damage.
The adder barely misses you.
You shoot a sling bullet.
The sling bullet closely misses the ball python.
The bullfrog hits you.
* * * LOW HITPOINT WARNING * * *
The ball python bites you.
* * * LOW HITPOINT WARNING * * *
The ball python grabs you. The ball python constricts you.
The frilled lizard bites you but does no damage.
You block the adder's attack. You block the bullfrog's attack.
The bullfrog releases a deep croak.
The ball python bites you but does no damage.
The ball python constricts you. You block the frilled lizard's attack.
The adder bites you.
* * * LOW HITPOINT WARNING * * *
The bullfrog hits you.
* * * LOW HITPOINT WARNING * * *
Okay, then.
It was a potion of magic.
Magic courses through your body. You block the ball python's attack.
The ball python constricts you.
You die...

#....#..# ##...####
#....##################
#.....#≈≈≈≈≈≈≈≈≈≈≈≈≈≈≈#.
##....~≈≈≈~~≈≈≈≈≈≈~~~~~.
#....~~~~~≈≈~≈≈≈≈~~~≈~.
#....~~~~~~~≈FS≈~~~≈~~.
##...~~≈≈~~#SlSS≈†~≈≈~.
###..≈~≈≈≈~≈@F°≈≈≈≈~#.
###################


You could see 2 bullfrogs, an adder, 3 ball pythons and a frilled lizard.

Vanquished Creatures
  6 adders
  5 river rats
  2 dart slugs
  14 ball pythons
  2 bats (D:1)
  6 endoplasms
  2 giant cockroaches
  2 goblins (D:1)
  7 hobgoblins
  2 jackals (D:1)
  A kobold (D:1)
  3 quokkas
  7 frilled lizards
  19 rats
78 creatures vanquished.

Notes
Turn   | Place    | Note
-------+----------+-------------------------------------------
     0 | D:1      | Newt the Demonspawn Gladiator began the quest for the Orb.
     0 | D:1      | Reached XP level 1. HP: 16/16 MP: 1/1
    95 | D:1      | Reached skill level 1 in Stealth
   122 | D:1      | Gained mutation: Your touch may inflict minor irresistible
                  | damage on your foes. [demonic ancestry]
   122 | D:1      | Reached XP level 2. HP: 16/22 MP: 2/2
   359 | D:1      | Reached XP level 3. HP: 25/28 MP: 3/3
   900 | D:2      | Identified the +1 tower shield of Loss {Dex+2}
  1102 | D:2      | You fall into a shaft and drop 2 floors!
  1172 | D:3      | Reached skill level 1 in Ranged Weapons
  1240 | D:3      | Reached XP level 4. HP: 17/35 MP: 4/4
  1256 | D:3      | Found a glowing drain.
  1260 | Sewer    | Entered a sewer
  1521 | Sewer    | Gained mutation: You have hidden genetic defects. [potion
                  | of mutation]
  1521 | Sewer    | Gained mutation: You do not regenerate when monsters are
                  | visible. [potion of mutation]
  1617 | Sewer    | Gained mutation: You may rarely emit foul miasma when
                  | damaged in melee. [demonic ancestry]
  1617 | Sewer    | Reached XP level 5. HP: 41/41 MP: 5/5
  1626 | Sewer    | Gained mutation: You are weak. (Str -2) [hidden defects]
  1719 | Sewer    | HP: 1/41 [bullfrog (5)]
  1720 | Sewer    | Constricted to death by a ball python

Illustrated notes

Levels and vault maps discovered:
D:1:      dpeg_arrival_radiant, layout_basic
D:2:      layout_loops_ring, ebering_ecumenical_altar_abandoned, basic_altar,
          grunt_decor_one_mirror, uniq_terence, uniq_jessica
D:3:      layout_rooms, mainiacjoe_overflow_small_starburst,
          gup_sewer_entry_spiral, serial_corexii_hall,
          chequers_hall_statues_corner_a, chequers_hall_statues_corner_a,
          uniq_robin
D:4:      layout_basic, mainiacjoe_overflow_24_doors,
          chequers_temple_overflow_statue_of_worship, gammafunk_ghost_smash,
          serial_shops, shop
Sewer:    sewer_minmay_w

Skill      XL: |  1  2  3  4 |
---------------+-------------+-----
Stealth        | 1 2 |  2.0
Fighting       | 3 |  3.0
Ranged Weapons | 1 3 |  3.5
Short Blades   | |  2.6
Throwing       | |  1.7
Dodging        | |  2.6

Action                   |  1- 3 |  4- 6 || total
-------------------------+-------+-------++-------
Melee: Rapier            |    18 |       ||    18
       Dagger            |    42 |       ||    42
       Touch             |     8 |       ||     8
       Sling             |       |     2 ||     2
 Fire: Sling             |    29 |    87 ||   116
  Use: Scroll            |     1 |       ||     1
       Potion            |       |     4 ||     4
 Stab: Sleeping          |     5 |       ||     5
Armor: Leather armour    |    15 |    45 ||    60
Dodge: Dodged            |    31 |    35 ||    66
Block: Tower shield      |     5 |    68 ||    73

Table legend: (Time is in decaauts)
 A = Elapsed time spent in this place.
 B = Non-inter-level travel time spent in this place.
 C = Inter-level travel time spent in this place.
 D = Time resting spent in this place.
 E = Time spent auto-exploring this place.
 F = Levels seen in this place.
 G = Mean time per level.
                   A        B        C        D        E       F      G
               +--------+--------+--------+--------+--------+-----+--------+
         Total |   1840 |   1771 |     69 |    140 |   1115 |   5 |  368.0 |
       Dungeon |   1296 |   1227 |     69 |      0 |    902 |   4 |  324.0 |
         Sewer |    544 |    544 |      0 |    140 |    213 |   1 |  544.0 |
               +--------+--------+--------+--------+--------+-----+--------+

Top non-repeatable levels by time:
     D:1: 861 daAuts
   Sewer: 544 daAuts
     D:2: 234 daAuts
     D:3: 159 daAuts
     D:4: 41 daAuts
